AoeStats
← 风战

Lombardia

509389750Analyzed
4v4 RM · 4d ago on Sep 26, 2026· 123m 21s· 8 players
Game mode
Random Map
Map size
Large (8 player)
Population
200
Speed
Normal
Resources
Standard
Victory
Conquest
Starting age
Dark Age
Ending age
Imperial Age
RankedLock teamsTeams togetherTeam positionsShared explorationLock speedFull tech treeHidden civsTurbo modeCheats
Victory
Defeat
🇨🇳 Spanish · China
828
+14
🇨🇳 Celts · China
813
+15
🇨🇳 Britons · China
784
+29
🇩🇪 Huns · Germany
783
+38
🇰🇿 Spanish · Kazakhstan
803
-16
🇦🇷 Maya · Argentina
801
-15
🇨🇿 Huns · Czechia
784
-15
🇨🇿 Sicilians · Czechia
782
-15
Wizkass
11:48 Feudal Age
12:17 Double-Bit Axe
13:01 Gold Mining
12:55 Horse Collar
13:09 Stone Mining
17:48 Castle Age
18:43 Bow Saw
18:35 Heavy Plow
21:12 Wheelbarrow
25:08 Loom
31:28 Imperial Age
30:37 Stone Shaft Mining
30:13 Fletching
30:23 Padded Archer Armor
32:03 Hand Cart
32:47 Bodkin Arrow
33:03 Town Watch
35:06 Two-Man Saw
34:38 Crop Rotation
34:52 Bracer
35:08 Leather Archer Armor
35:40 Caravan
37:34 Conscription
36:37 Elite Plumed Archer
38:05 Thumb Ring
39:48 Ballistics
41:06 Ring Archer Armor
41:20 Murder Holes
45:06 Chemistry
49:23 Town Patrol
62:53 Holcans
64:20 Scale Mail Armor
64:30 Forging
68:28 Iron Casting
68:09 Chain Mail Armor
68:13 Eagle Warrior
68:54 Squires
68:39 Arson
70:23 Blast Furnace
70:09 Elite Eagle Warrior
78:38 Guilds
82:47 Capped Ram
83:43 Siege Ram
88:20 Plate Mail Armor
95:18 Pikeman
105:30 Halberdier
Novic
11:42 Feudal Age
12:06 Horse Collar
12:14 Double-Bit Axe
16:19 Loom
19:58 Castle Age
19:08 Forging
20:00 Scale Mail Armor
20:44 Heavy Plow
21:18 Bow Saw
21:52 Squires
22:31 Pikeman
25:14 Murder Holes
30:43 Stone Mining
30:43 Gold Mining
31:37 Ballistics
31:11 Fletching
32:34 First Crusade
36:29 Imperial Age
34:36 Bodkin Arrow
36:51 Gold Shaft Mining
37:15 Iron Casting
36:55 Chain Mail Armor
37:44 Crop Rotation
37:12 Halberdier
38:18 Arrowslits
38:45 Masonry
38:40 Elite Serjeant
41:14 Chemistry
41:27 Caravan
41:29 Arson
44:58 Blast Furnace
44:28 Plate Mail Armor
62:30 Bracer
62:30 Padded Archer Armor
63:10 Coinage
62:50 Guilds
62:39 Elite Skirmisher
69:57 Leather Archer Armor
79:13 Banking
105:46 Hoardings
105:38 Scale Barding Armor
105:03 Heavy Mounted Crossbowman
105:05 Cranequins
Mgr.Bc. Pavel Moc
5:30 Loom
9:05 Feudal Age
9:28 Horse Collar
9:35 Double-Bit Axe
12:26 Wheelbarrow
20:06 Castle Age
20:08 Gold Mining
20:08 Stone Mining
20:57 Bow Saw
21:06 Heavy Plow
20:33 Light Cavalry
21:24 Bloodlines
21:15 Husbandry
25:30 Squires
26:32 Pikeman
27:31 Hand Cart
31:06 Gold Shaft Mining
31:57 Caravan
38:21 Imperial Age
37:22 Ballistics
37:11 Scale Barding Armor
37:06 Scale Mail Armor
37:07 Padded Archer Armor
38:16 Town Watch
38:33 Halberdier
39:53 Town Patrol
40:58 Chemistry
40:06 Murder Holes
44:02 Cavalier
48:37 Hussar
54:15 Chain Barding Armor
54:11 Chain Mail Armor
54:07 Forging
60:57 Plate Barding Armor
60:58 Iron Casting
63:26 Paladin
68:36 Blast Furnace
67:25 Arson
76:47 Masonry
Monument
0:30 Loom
12:15 Feudal Age
14:03 Wheelbarrow
13:16 Double-Bit Axe
13:14 Horse Collar
19:36 Castle Age
17:53 Stone Mining
19:01 Bloodlines
19:44 Gold Mining
19:59 Padded Archer Armor
19:49 Fletching
21:53 Bow Saw
22:43 Husbandry
23:05 Leather Archer Armor
22:46 Bodkin Arrow
23:16 Fervor
23:28 Hand Cart
24:23 Light Cavalry
26:32 Forging
26:39 Scale Barding Armor
30:33 Chain Barding Armor
31:56 Stone Shaft Mining
36:39 Imperial Age
35:49 Caravan
38:04 Conscription
38:05 Supremacy
38:30 Town Watch
40:03 Town Patrol
39:54 Hussar
41:10 Ring Archer Armor
41:15 Iron Casting
41:16 Plate Barding Armor
40:42 Bracer
40:45 Scale Mail Armor
44:52 Chemistry
44:14 Ballistics
44:05 Fortified Wall
43:51 Murder Holes
44:40 Elite Conquistador
46:41 Hoardings
47:50 Two-Man Saw
50:19 Blast Furnace
49:07 Pikeman
49:33 Gambesons
49:49 Squires
49:35 Arson
49:59 Arrowslits
50:25 Masonry
51:36 Cavalier
55:58 Paladin
59:34 Sappers
60:49 Bombard Tower
60:19 Guard Tower
60:39 Heavy Plow
67:58 Guilds
70:16 Coinage
80:34 Halberdier
92:51 Chain Mail Armor
94:10 Keep
94:07 Architecture
93:15 Man-at-Arms
Bot 1
0:29 Loom
9:39 Feudal Age
10:13 Double-Bit Axe
10:46 Horse Collar
14:41 Wheelbarrow
15:53 Gold Mining
20:19 Castle Age
18:55 Stone Mining
23:38 Gold Shaft Mining
23:48 Hand Cart
25:50 Bow Saw
27:37 Heavy Plow
32:13 Caravan
37:20 Imperial Age
39:17 Two-Man Saw
38:11 Town Watch
38:12 Cavalier
38:52 Husbandry
39:03 Bloodlines
38:14 Light Cavalry
38:34 Capped Ram
39:41 Conscription
39:28 Town Patrol
39:41 Scale Barding Armor
39:47 Forging
41:43 Guilds
40:57 Paladin
43:19 Siege Ram
43:26 Hussar
45:45 Chain Barding Armor
46:01 Iron Casting
53:23 Plate Barding Armor
53:49 Blast Furnace
68:51 Man-at-Arms
68:51 Pikeman
69:32 Squires
69:17 Arson
70:36 Long Swordsman
71:22 Two-Handed Swordsman
72:56 Halberdier
109:24 Parthian Tactics
110:21 Heavy Cavalry Archer
112:12 Scale Mail Armor
112:12 Padded Archer Armor
112:03 Fletching
风战
5:27 Loom
10:10 Feudal Age
10:48 Double-Bit Axe
13:37 Stone Mining
13:41 Gold Mining
13:42 Horse Collar
15:18 Wheelbarrow
21:43 Castle Age
22:56 Hand Cart
24:43 Bow Saw
30:23 Imperial Age
28:49 Fortified Wall
28:20 Treadmill Crane
28:57 Caravan
29:52 Gold Shaft Mining
31:46 Guilds
39:23 Ballistics
40:04 Chemistry
39:11 Siege Engineers
38:30 Crossbowman
41:29 Fletching
41:39 Padded Archer Armor
43:29 Two-Man Saw
43:42 Arbalester
46:44 Elite Skirmisher
53:17 Leather Archer Armor
52:57 Bodkin Arrow
54:56 Bracer
55:26 Ring Archer Armor
58:16 Conscription
65:47 Squires
65:09 Pikeman
65:35 Arson
65:37 Gambesons
120:33 Warwolf
123:31 Yeomen
louisxxx
11:07 Feudal Age
16:28 Castle Age
14:41 Double-Bit Axe
19:23 Horse Collar
20:00 Husbandry
22:30 Heavy Plow
28:12 Ballistics
28:49 Bow Saw
30:25 Gold Mining
30:26 Stone Mining
34:31 Wheelbarrow
33:42 Town Watch
39:13 Imperial Age
37:32 Loom
38:01 Bloodlines
41:21 Chemistry
40:43 Caravan
41:15 Coinage
41:23 Cavalier
42:57 Stone Shaft Mining
43:16 Hand Cart
44:58 Murder Holes
45:13 Masonry
46:24 Banking
46:05 Guilds
45:36 Paladin
47:42 Supremacy
47:24 Inquisition
47:44 Conscription
48:29 Elite Conquistador
50:38 Supremacy
50:11 Light Cavalry
52:08 Thumb Ring
56:04 Heavy Mounted Crossbowman
56:39 Hussar
57:38 Forging
57:35 Scale Barding Armor
57:21 Fletching
59:02 Hoardings
60:50 Town Patrol
60:52 Heavy Mounted Crossbowman
61:56 Elite Skirmisher
62:34 Bodkin Arrow
62:40 Padded Archer Armor
63:16 Iron Casting
63:02 Chain Barding Armor
64:12 Bracer
64:28 Leather Archer Armor
69:23 Ring Archer Armor
69:54 Blast Furnace
69:30 Plate Barding Armor
86:59 Scale Mail Armor
看天气
0:32 Loom
12:28 Feudal Age
13:59 Horse Collar
14:07 Double-Bit Axe
15:00 Wheelbarrow
18:13 Castle Age
16:37 Forging
18:21 Scale Barding Armor
18:39 Gold Mining
21:09 Fervor
21:37 Scale Mail Armor
21:50 Bow Saw
21:43 Heavy Plow
21:47 Town Watch
23:28 Sanctity
23:47 Light Cavalry
24:27 Husbandry
26:18 Fletching
27:20 Ballistics
28:07 Stone Mining
28:55 Gold Shaft Mining
29:48 Stone Shaft Mining
30:52 Hand Cart
31:28 Stronghold
31:54 Town Patrol
32:01 Devotion
33:13 Arson
37:51 Imperial Age
37:34 Caravan
37:55 Elite Woad Raider
38:56 Conscription
38:00 Heavy Scorpion
39:02 Chain Barding Armor
39:01 Chain Mail Armor
38:43 Bodkin Arrow
40:09 Iron Casting
39:34 Bodkin Arrow
40:22 Hoardings
40:42 Guilds
41:04 Coinage
41:37 Capped Ram
42:32 Furor Celtica
44:16 Banking
44:19 Plate Mail Armor
45:08 Blast Furnace
46:45 Siege Ram
51:15 Chemistry
50:22 Siege Engineers
50:03 Arrowslits
50:35 Masonry
50:22 Murder Holes
52:28 Onager
55:03 Chain Barding Armor
54:44 Padded Archer Armor
54:11 Siege Onager
55:34 Guard Tower
61:48 Keep
67:46 Pikeman
68:59 Halberdier
110:52 Fortified Wall
Connection lost

Rejoining the realm…

Still unreachable

The connection could not be restored.

Session expired

The server has moved on; the page needs a fresh start.